AoeStats
← Josmi-Ga'lock

Lombardia

508534450Analyzed
3v3 RM · 11d ago on Sep 22, 2026· 81m 55s· 6 players
Game mode
Random Map
Map size
Normal (6 player)
Population
200
Speed
Normal
Resources
Standard
Victory
Conquest
Starting age
Dark Age
Ending age
Imperial Age
RankedLock teamsTeams togetherTeam positionsShared explorationLock speedFull tech treeHidden civsTurbo modeCheats
Victory
Defeat
🇻🇪 Random · Venezuela
938
+15
🇦🇷 Random · Argentina
920
+16
🇧🇷 Portuguese · Brazil
911
+16
🇹🇷 Wei · Türkiye
1049
-21
🇹🇷 Persians · Türkiye
954
-17
🇹🇷 Spanish · Türkiye
738
-17
Haseki Hürrem Sultan
10:22 Feudal Age
11:47 Loom
15:44 Castle Age
14:10 Double-Bit Axe
18:39 Horse Collar
24:23 Bow Saw
24:43 Heavy Plow
27:21 Scale Barding Armor
29:11 Forging
30:18 Padded Archer Armor
30:09 Fletching
31:58 Leather Archer Armor
31:39 Bodkin Arrow
32:14 Kamandaran
32:42 Crossbowman
34:58 Thumb Ring
35:37 Gold Mining
36:58 Ballistics
37:49 Wheelbarrow
38:16 Iron Casting
38:03 Chain Barding Armor
38:23 Gold Shaft Mining
41:29 Hand Cart
46:24 Imperial Age
47:11 Ring Archer Armor
46:41 Elite War Elephant
48:31 Blast Furnace
48:07 Plate Barding Armor
50:22 Chemistry
52:50 Light Cavalry
53:43 Bloodlines
54:57 Two-Man Saw
54:33 Crop Rotation
56:38 Hussar
62:35 Husbandry
Deltamale
10:54 Feudal Age
12:13 Loom
15:20 Castle Age
13:21 Double-Bit Axe
14:15 Horse Collar
16:39 Bow Saw
17:51 Heavy Plow
18:34 Gold Mining
19:24 Stone Mining
26:52 Scale Barding Armor
28:45 Husbandry
28:56 Bloodlines
29:32 Chain Barding Armor
30:25 Forging
34:55 Imperial Age
34:12 Iron Casting
34:32 Wheelbarrow
34:53 Tuntian
35:00 Heavy Hei Guang Cavalry
36:43 Blast Furnace
36:25 Ming Guang Armor
36:27 Conscription
36:59 Gold Shaft Mining
38:10 Crop Rotation
47:52 Hand Cart
51:54 Caravan
60:19 Thumb Ring
60:42 Parthian Tactics
60:28 Fletching
60:38 Padded Archer Armor
62:12 Bodkin Arrow
62:33 Leather Archer Armor
62:40 Ballistics
63:21 Chemistry
63:11 Bracer
67:37 Ring Archer Armor
ErWin
8:03 Loom
11:19 Feudal Age
16:46 Castle Age
17:58 Double-Bit Axe
18:26 Scale Barding Armor
18:34 Forging
18:27 Scale Mail Armor
22:11 Horse Collar
23:13 Iron Casting
22:53 Chain Mail Armor
22:58 Chain Barding Armor
24:33 Heavy Plow
Abyssus
4:18 Loom
10:31 Feudal Age
17:10 Castle Age
15:20 Horse Collar
17:01 Stone Mining
17:06 Gold Mining
18:00 Squires
18:13 Double-Bit Axe
23:12 Bow Saw
24:26 Heavy Plow
25:13 Town Watch
27:11 Pikeman
29:17 Scale Mail Armor
30:57 Chain Mail Armor
32:05 Bloodlines
32:42 Vendel Legacy
35:59 Imperial Age
34:07 Wheelbarrow
34:29 Stone Shaft Mining
34:30 Husbandry
34:33 Treadmill Crane
35:31 Forging
36:24 Hand Cart
37:47 Ballistics
37:39 Fortified Wall
37:05 Cavalier
37:40 Halberdier
39:07 Iron Casting
39:06 Conscription
40:03 Plate Mail Armor
40:04 Gothikon
42:08 Blast Furnace
41:32 Gambesons
47:36 Scale Barding Armor
49:57 Vendel Legacy
50:54 Caravan
53:43 Chain Barding Armor
54:41 Crop Rotation
55:45 Light Cavalry
56:44 Hussar
58:54 Arson
58:33 Elite Varangian Guard
60:39 Plate Barding Armor
60:10 Murder Holes
65:42 Coinage
67:05 Town Patrol
69:47 Elite Jarl
73:15 Fletching
73:59 Banking
73:40 Guilds
76:37 Capped Ram
77:57 Siege Ram
79:29 Bodkin Arrow
Josmi-Ga'lock
0:30 Loom
10:35 Feudal Age
12:03 Double-Bit Axe
12:27 Town Watch
15:53 Horse Collar
20:25 Castle Age
19:11 Fletching
19:55 Gold Mining
22:47 Stone Mining
23:37 Bow Saw
30:52 Imperial Age
28:31 Bodkin Arrow
28:49 Fortified Wall
29:00 Ballistics
28:24 Treadmill Crane
29:22 Guard Tower
29:53 Ballistics
30:29 Murder Holes
32:50 Squires
33:57 Wheelbarrow
35:59 Conscription
36:53 Gambesons
37:48 Gold Shaft Mining
39:17 Forging
39:08 Scale Mail Armor
42:01 Two-Man Saw
41:23 Elite Hearth Troop
42:59 Iron Casting
42:39 Chain Mail Armor
42:37 Masonry
42:42 Arson
43:16 Elite Varangian Guard
44:55 Bracer
47:51 Chemistry
47:22 Architecture
48:41 Pikeman
49:25 Halberdier
50:53 Hand Cart
52:19 Elite Skirmisher
53:05 Padded Archer Armor
53:35 Plate Mail Armor
55:32 Leather Archer Armor
57:14 Coinage
56:54 Guilds
57:01 Heavy Plow
57:01 Shield Wall
60:04 Thumb Ring
60:46 Banking
60:17 Caravan
61:57 Ring Archer Armor
63:56 Keep
68:59 Town Patrol
69:40 Hoardings
ChronoMiner
0:48 Loom
12:52 Feudal Age
13:58 Double-Bit Axe
13:57 Horse Collar
23:13 Castle Age
22:16 Gold Mining
22:19 Stone Mining
24:16 Bow Saw
24:08 Heavy Plow
24:24 Town Watch
30:09 Wheelbarrow
29:34 Town Patrol
30:23 Pikeman
30:49 Arson
32:52 Scale Barding Armor
32:50 Scale Mail Armor
32:42 Fletching
35:58 Stone Shaft Mining
35:46 Hand Cart
38:02 Imperial Age
36:32 Bodkin Arrow
36:44 Scale Barding Armor
37:52 Ballistics
37:27 Murder Holes
37:23 Heated Shot
37:55 Bloodlines
37:45 Husbandry
39:14 Chain Mail Armor
39:11 Forging
39:09 Elite Organ Gun
40:49 Halberdier
41:47 Thumb Ring
42:06 Elite Skirmisher
46:12 Chemistry
46:57 Iron Casting
46:52 Plate Mail Armor
46:54 Arquebus
50:47 Blast Furnace
49:52 Bracer
51:50 Conscription
52:44 Coinage
52:24 Guilds
53:37 Two-Man Saw
53:10 Crop Rotation
58:57 Banking
71:26 Masonry
70:57 Treadmill Crane
71:22 Siege Engineers
71:28 Fortified Wall
71:39 Bombard Tower
Connection lost

Rejoining the realm…

Still unreachable

The connection could not be restored.

Session expired

The server has moved on; the page needs a fresh start.